 Dungeon Crawl Stone Soup version 0.31-b1-20-g67cafac56d (webtiles) character file.

Game seed: 4212810803525463695

8330 monsoonserge the Basher (level 11, -18/118 HPs)
             Began as an Oni Fighter on Jan 17, 2024.
             Was an Elder of Okawaru.
             Demolished by Snorg (19 damage)
             ... on level 9 of the Dungeon.
             The game lasted 00:34:34 (10463 turns).

monsoonserge the Basher (Oni Fighter)              Turns: 10463, Time: 00:34:35

Health: -18/118    AC:  8    Str: 26    XL:     11   Next: 29%
Magic:  14/14      EV: 10    Int:  9    God:    Okawaru [****..]
Gold:   564        SH:  8    Dex:  8    Spells: 10/10 levels left

rFire   . . .        C - +4 flail (freeze)
rCold   + . .        c - +0 kite shield
rNeg    + . .        E - +0 robe {rC+}
rPois   .            (helmet restricted)
rElec   .            d - +0 cloak
rCorr   .            (gloves unavailable)
SInv    .            (boots unavailable)
Will    +....        (no amulet)
Stlth   ++           e - +4 ring of protection
HPRegen 0.39/turn    B - ring of positive energy
MPRegen 0.14/turn

%: no passive effects
@: no status effects
A: large, unfitting armour, horns 1, tough skin 1, double potion healing,
drunken brawling
a: Renounce Religion, Heroism, Finesse


You were on level 9 of the Dungeon.
You worshipped Okawaru.
Okawaru was greatly pleased with you.
You visited 2 branches of the dungeon, and saw 11 of its levels.

You collected 564 gold pieces.

Inventory:

Hand Weapons
 y - a +0 giant spiked club
 z - a +0 giant club
 C - a +4 flail of freezing (weapon)
Missiles
 o - 4 boomerangs
 x - 4 poisoned darts (quivered)
Armour
 c - a +0 kite shield (worn)
 d - a +0 cloak (worn)
 E - a +0 robe of cold resistance (worn)
Jewellery
 e - a +4 ring of protection (left hand)
 u - a ring of magical power
 B - a ring of positive energy (right hand)
Talismans
 n - a flux talisman
Wands
 m - a wand of flame (6)
 t - a wand of acid (11)
Scrolls
 a - a scroll of noise
 b - a scroll of blinking {unknown}
 g - 2 scrolls of enchant armour
 i - 3 scrolls of vulnerability {unknown}
 k - 2 scrolls of immolation
 r - 2 scrolls of enchant weapon
 w - a scroll of acquirement {unknown}
 A - 4 scrolls of teleportation
 D - a scroll of poison {unknown}
 F - a scroll of revelation {unknown}
 I - a scroll of butterflies {unknown}
Potions
 f - 3 potions of haste
 h - 2 potions of lignification
 j - 2 potions of curing
 l - 2 potions of heal wounds
 p - 2 potions of brilliance
 q - 3 potions of enlightenment {unknown}
 s - 2 potions of might
 v - 2 potions of attraction {unknown}
 G - a potion of berserk rage {unknown}
 H - a potion of magic {unknown}
 J - a potion of resistance {unknown}


   Skills:
 + Level 10.2 Fighting
 + Level 12.0 Maces & Flails
 + Level 1.5 Throwing
 + Level 7.6 Dodging
 - Level 2.0 Stealth
 + Level 4.2 Shields
 + Level 4.9 Invocations
 + Level 1.5 Evocations


You had 10 spell levels left.
You didn't know any spells.
Your spell library contained the following spells:

 Spells                   Type           Power      Damage    Failure   Level
 Apportation              Tloc           0%         N/A       63%         1
 Magic Dart               Conj           0%         1d3       63%         1
 Lesser Beckoning         Tloc           0%         N/A       77%         2
 Searing Ray              Conj           0%         2d4       77%         2
 Static Discharge         Conj/Air       0%         3-3/arc   77%         2
 Stone Arrow              Conj/Erth      0%         3d7       94%         3
 Fulminant Prism          Conj/Alch      0%         3d5       100%        4
 Dispersal                Tloc           0%         N/A       100%        6


Dungeon Overview and Level Annotations

Branches:
Dungeon (10/15)            Temple (1/1) D:4            Lair (0/5) D:8
    Orc (0/2) D:9

Altars:
Ashenzari
Cheibriados
Dithmenos
Elyvilon
Fedhas
Gozag
Hepliaklqana
Kikubaaqudgha
Makhleb
Nemelex Xobeh
Okawaru
Qazlal
Ru
Sif Muna
Trog
Uskayaw
Vehumet
Wu Jian
Xom
Yredelemnul
Zin
The Shining One

Annotations:
D:9 1 runed translucent door, PaiMei's ghost, novice DsNe; Snorg


Innate Abilities, Weirdness & Mutations

You are too large for most types of armour.
You have a pair of small horns on your head.
You have tough skin. (AC +1)
You gain doubled healing and magic from potions.
Whenever you drink a healing potion, you attack all around you.


Message History

Level annotation: 1 runed translucent door, PaiMei's ghost, novice DsNe
There is a stone staircase leading down here.
You barely miss Snorg.
Snorg goes berserk!
You sock Snorg! You freeze Snorg. You headbutt Snorg!
Snorg is lightly wounded.
Snorg bites you! Snorg barely misses you. Snorg claws you! Snorg bites you!
Snorg claws you! Snorg claws you but does no damage.
You bludgeon Snorg!! You freeze Snorg! Your headbutt misses Snorg.
Snorg is moderately wounded.
Snorg closely misses you. You block Snorg's attack. x2
You barely miss Snorg.
Snorg is moderately wounded.
Snorg completely misses you. You block Snorg's attack. Snorg claws you.
You sock Snorg! You freeze Snorg. You headbutt Snorg!
Snorg is heavily wounded.
Snorg barely misses you. You block Snorg's attack. Snorg barely misses you.
You block Snorg's attack. Snorg barely misses you.
Snorg claws you but does no damage.
You thump Snorg! You freeze Snorg.
Snorg is severely wounded.
Snorg looks more healthy.
Snorg bites you. Snorg claws you! Snorg claws you.
You hit Snorg. You freeze Snorg. You headbutt Snorg.
Snorg is severely wounded.
Snorg bites you but does no damage. Snorg closely misses you.
You block Snorg's attack.
You closely miss Snorg.
Snorg is severely wounded.
Snorg bites you!!
* * * LOW HITPOINT WARNING * * *
You block Snorg's attack. Snorg claws you!
* * * LOW HITPOINT WARNING * * *
Snorg bites you.
* * * LOW HITPOINT WARNING * * *
Snorg claws you!!
* * * LOW HITPOINT WARNING * * *
You block Snorg's attack.
You hit Snorg. You freeze Snorg.
Snorg is severely wounded.
Snorg bites you!!
You die...

..♣ #.########.# #.# ♣.♣#
#..........# #.# ♣..#
#.##..###### ##.# PP.#
##.##..# #####..###
.~≈###..##..## #........#
.~~....###...###.##..#.##
....#### ##.........##.#
##### ####.....###.#
###@T####.# #..#....#
#..#.#### #.##.# #....#
######


You could see Snorg (berserk).

Vanquished Creatures
  A two-headed ogre (D:9)
  Pikel (D:5)
  2 elephants (D:8)
  A gargoyle (D:10)
  Psyche (D:9)
  Grinder (D:3)
  Prince Ribbit (D:8)
  A wraith (D:9)
  2 wyverns
  5 yaks (D:9)
  Grum (D:9)
  Eustachio (D:4)
  Duvessa (D:4)
  An acid dragon (D:9)
  4 water moccasins
  An ice beast (D:5)
  2 orc warriors (D:8)
  2 ogres (D:5)
  3 wolves (D:9)
  A centaur (D:8)
  2 phantoms
  A lemure (D:5)
  Blork the orc (D:6)
  2 bullfrogs (D:8)
  10 scorpions
  Dowan (D:4)
  7 wights
  10 killer bees (D:8)
  A howler monkey (D:8)
  A gnoll bouda (D:5)
  3 bombardier beetles (D:5)
  2 hounds
  Crazy Yiuf (D:2)
  4 orc priests
  2 jellies
  A sleepcap (D:4)
  Terence (D:2)
  6 iguanas
  4 orc wizards
  7 adders
  10 gnolls
  3 shadow imps
  2 white imps
  3 dart slugs
  3 ribbon worms
  22 orcs
  4 ball pythons
  5 bats
  9 endoplasms
  5 giant cockroaches
  7 goblins
  8 hobgoblins
  8 jackals (D:2)
  4 quokkas
  5 frilled lizards
  7 kobolds
  14 rats
219 creatures vanquished.

Vanquished Creatures (others)
  An orc wizard (D:8)
1 creature vanquished.

Grand Total: 220 creatures vanquished

Notes
Turn   | Place    | Note
-------+----------+-------------------------------------------
     0 | D:1      | monsoonserge the Oni Fighter began the quest for the Orb.
     0 | D:1      | Reached XP level 1. HP: 24/24 MP: 1/1
   177 | D:1      | Reached XP level 2. HP: 32/32 MP: 2/2
   438 | D:1      | Reached XP level 3. HP: 40/40 MP: 3/3
   829 | D:1      | Found a faded altar of an unknown god.
  1119 | D:2      | Noticed Terence
  1133 | D:2      | Killed Terence
  1134 | D:2      | Reached skill level 3 in Maces & Flails
  1134 | D:2      | Reached XP level 4. HP: 43/49 MP: 4/4
  1171 | D:2      | Found a runed translucent door.
  1172 | D:2      | Noticed Crazy Yiuf
  1182 | D:2      | Killed Crazy Yiuf
  1525 | D:2      | Found a shadowy altar of Dithmenos.
  1594 | D:2      | Reached XP level 5. HP: 55/55 MP: 5/5
  1892 | D:2      | Reached skill level 5 in Fighting
  2675 | D:3      | Noticed Grinder
  2677 | D:3      | Paralysed by Grinder for 2 turns
  2686 | D:3      | Paralysed by Grinder for 5 turns
  2693 | D:3      | Killed Grinder
  2694 | D:3      | Reached skill level 4 in Maces & Flails
  2694 | D:3      | Reached skill level 1 in Stealth
  2694 | D:3      | Reached XP level 6. HP: 26/66 MP: 6/6
  2888 | D:3      | Found a sacrificial altar of Ru.
  2895 | D:3      | Found a bloodstained altar of Trog.
  2896 | D:3      | Found a basalt altar of Yredelemnul.
  2897 | D:3      | Found a burning altar of Makhleb.
  2898 | D:3      | Found a snail-covered altar of Cheibriados.
  2898 | D:3      | Found an ancient bone altar of Kikubaaqudgha.
  2904 | D:3      | Found a glowing golden altar of the Shining One.
  3316 | D:3      | Found a blossoming altar of Fedhas.
  3372 | D:4      | Reached skill level 5 in Maces & Flails
  3372 | D:4      | Reached XP level 7. HP: 72/72 MP: 7/7
  3795 | D:4      | Found a hazy altar of Hepliaklqana.
  3943 | D:4      | Noticed Eustachio
  3966 | D:4      | Killed Eustachio
  3967 | D:4      | Reached skill level 6 in Maces & Flails
  4085 | D:4      | Got the Catalogue of the Traveller and Attacks
  4099 | D:4      | Noticed Dowan
  4099 | D:4      | Noticed Duvessa
  4111 | D:4      | Killed Duvessa
  4112 | D:4      | Reached XP level 8. HP: 76/83 MP: 8/8
  4116 | D:4      | Killed Dowan
  4418 | D:4      | Found a staircase to the Ecumenical Temple.
  4424 | Temple   | Entered the Ecumenical Temple
  4439 | Temple   | Became a worshipper of Warmaster Okawaru
  4482 | D:5      | Entered Level 5 of the Dungeon
  4719 | D:5      | Reached skill level 7 in Maces & Flails
  5024 | D:5      | Found an opulent altar of Gozag.
  5602 | D:5      | Reached * piety under Okawaru
  6081 | D:5      | Reached skill level 8 in Maces & Flails
  6081 | D:5      | Reached skill level 1 in Invocations
  6110 | D:5      | Reached skill level 5 in Dodging
  6110 | D:5      | Reached XP level 9. HP: 90/93 MP: 10/10
  6260 | D:6      | Noticed Pikel
  6804 | D:5      | Killed Pikel
  6804 | D:5      | Reached ** piety under Okawaru
  6805 | D:5      | Reached skill level 9 in Maces & Flails
  7177 | D:6      | Noticed Blork the orc
  7187 | D:6      | Killed Blork the orc
  7530 | D:7      | Reached XP level 10. HP: 100/104 MP: 13/13
  7573 | D:7      | Found a shimmering blue altar of Sif Muna.
  7740 | D:7      | You fall into a shaft and drop 3 floors!
  7740 | D:10     | Entered Level 10 of the Dungeon
  7757 | D:10     | Noticed a gargoyle
  7764 | D:10     | Killed a gargoyle
  7764 | D:10     | Reached *** piety under Okawaru
  7765 | D:10     | Reached skill level 10 in Maces & Flails
  7861 | D:9      | Noticed Psyche
  7866 | D:9      | Killed Psyche
  7882 | D:9      | Found a stormy altar of Qazlal.
  8112 | D:9      | Noticed a two-headed ogre
  8122 | D:9      | Killed a two-headed ogre
  8123 | D:9      | Reached skill level 1 in Evocations
  8313 | D:9      | Found a staircase to the Orcish Mines.
  8338 | D:9      | Noticed Grum
  8345 | D:9      | Reached skill level 1 in Throwing
  8351 | D:9      | Killed Grum
  8558 | D:9      | Reached **** piety under Okawaru
  8568 | D:9      | Reached skill level 11 in Maces & Flails
  8760 | D:8      | Noticed Prince Ribbit
  8791 | D:8      | Killed Prince Ribbit
  8792 | D:8      | Reached XP level 11. HP: 88/117 MP: 12/14
  9440 | D:8      | Reached skill level 10 in Fighting
  9737 | D:8      | Found a hide-covered altar of Uskayaw.
 10050 | D:8      | Found a staircase to the Lair.
 10058 | D:8      | Reached skill level 12 in Maces & Flails
 10247 | D:9      | Found a white marble altar of Elyvilon.
 10280 | D:9      | Found a runed translucent door.
 10280 | D:9      | Noticed PaiMei's ghost (novice DsNe)
 10436 | D:10     | Noticed Snorg
 10462 | D:9      | HP: 1/118 [Snorg (19)]
 10463 | D:9      | Demolished by Snorg

Illustrated notes

Levels and vault maps discovered:
D:1:      lightli_arrival_lavapool, layout_loops_corners,
          hellmonk_ecumenical_altar_pennies_from_heaven,
          minmay_misc_feat_more_columns, chequers_jeans, minmay_rat_gold_closets
D:2:      wad_river_or_something, layout_basic, basic_altar, uniq_terence,
          uniq_crazy_yiuf_cottage
D:3:      layout_loops_ring, marbit_many_paths,
          nicolae_overflow_hallway_of_the_gods, uniq_sigmund, uniq_grinder
D:4:      layout_basic, nzn_hepliaklqana_mist_gate,
          minmay_temple_entry_enclosed_plants, uniq_eustachio, uniq_duvessa
D:5:      layout_loops_corners, grunt_gozag_statues, serial_co_window_serial,
          co_window_corner_a, co_window_paths_a, co_window_paths_a,
          co_window_corner_a, co_window_paths_b, co_window_broadway_b,
          co_window_broadway_c, co_window_2corner, co_window_of_opportunity_b,
          co_window_unsneaky_path_a, co_window_4corner_b, co_window_paths_e,
          glass_columns_a
D:6:      layout_rooms, uniq_blork_the_orc, uniq_pikel
D:7:      layout_cave_pools, led_sif_pool
D:8:      layout_rooms, mainiacjoe_overflow_six_doors_small,
          grunt_lair_entry_orc_guard_hut, uniq_prince_ribbit1
D:9:      layout_basic, nicolae_elyvilon_peaceful_grove,
          mainiacjoe_overflow_catwalk, gammafunk_ghost_grave, uniq_psyche,
          uniq_grum
D:10:     layout_gridville, enter_trove_1, minmay_misc_feat_nine_boxes,
          uniq_snorg
Temple:   nicolae_temple_ecumenical_triangle

Skill      XL: |  1  2  3  4  5  6  7  8  9 10 11 |
---------------+----------------------------------+-----
Shields        | 3 4 |  4.2
Dodging        | 3 4 5 6 7 |  7.6
Maces & Flails | 3 4 5 6 8 9 11 12 | 12.0
Fighting       | 5 6 7 8 9 10 | 10.2
Stealth        | 1 2 |  2.0
Invocations    | 1 4 |  4.9
Evocations     | 1 |  1.5
Throwing       | 1 |  1.5

Action                     |  1- 3 |  4- 6 |  7- 9 | 10-12 || total
---------------------------+-------+-------+-------+-------++-------
  Melee: Flail             |    74 |   119 |   140 |   208 ||   541
         Headbutt          |    10 |    21 |    61 |    31 ||   123
         Mace              |       |       |   199 |       ||   199
  Throw: Dart              |       |       |     1 |    10 ||    11
         Boomerang         |       |       |       |     2 ||     2
 Invoke: Heroism           |       |       |     1 |     6 ||     7
         Finesse           |       |       |       |     1 ||     1
  Evoke: Wand              |       |     2 |     3 |     5 ||    10
    Use: Potion            |       |     2 |       |       ||     2
         Scroll            |       |       |       |     9 ||     9
   Stab: Sleeping          |     1 |     1 |     2 |     1 ||     5
         Distracted        |       |       |       |     1 ||     1
 Armour: Robe              |    39 |    60 |   199 |   141 ||   439
  Dodge: Dodged            |    17 |    39 |    84 |    78 ||   218
  Block: Kite shield       |    22 |    43 |   112 |    94 ||   271
